 Dungeon Crawl Stone Soup version 0.23-a0-315-ga85b81c (webtiles) character file.

317 b5mith the Poker (level 6, -2/48 HPs)
             Began as a Human Wanderer on Oct 13, 2018.
             Was an Initiate of Cheibriados.
             Slain by a hippogriff (4 damage)
             ... on level 6 of the Dungeon.
             The game lasted 00:11:14 (4497 turns).

b5mith the Poker (Human Wanderer)                   Turns: 4497, Time: 00:11:14

Health: -2/48      AC:  2    Str: 16    XL:     6   Next: 74%
Magic:  9/9        EV: 12    Int: 12    God:    Cheibriados [......]
Gold:   203        SH:  0    Dex: 14    Spells: 9/9 levels left

rFire    + . .     SeeInvis .   a - +2 spear
rCold    x . .     Gourm    +   (no shield)
rNeg     . . .     Faith    .   d - +0 robe
rPois    .         Spirit   .   (no helmet)
rElec    .         Reflect  .   (no cloak)
rCorr    .         Harm     .   (no gloves)
MR       .....                  (no boots)
Stlth    ++........             p - amulet of the gourmand
HPRegen  0.16/turn              l - ring of fire
MPRegen  0.11/turn              k - ring of wizardry

@: very slow
A: no striking features
a: Bend Time, Renounce Religion


You were on level 6 of the Dungeon.
You worshipped Cheibriados.
Cheibriados was noncommittal.
You were full.

You visited 1 branch of the dungeon, and saw 6 of its levels.

You collected 203 gold pieces.

Inventory:

Hand Weapons
 a - a +2 spear (weapon)
 e - a +0 dagger
 r - a +0 hunting sling
   (You found it on level 2 of the Dungeon)
Missiles
 s - 2 javelins (quivered)
 A - 4 tomahawks
Armour
 d - a +0 robe (worn)
Jewellery
 k - a ring of wizardry (right hand)
   (You found it on level 2 of the Dungeon)
 l - a ring of fire (left hand)
   (You found it on level 1 of the Dungeon)
 p - an amulet of the gourmand (around neck)
   (You found it on level 2 of the Dungeon)
Wands
 o - a wand of random effects (13)
   (You found it on level 2 of the Dungeon)
 q - a wand of flame (25)
   (You took it off Natasha on level 2 of the Dungeon)
Scrolls
 c - 2 scrolls of teleportation
 h - 4 scrolls of identify {@r1}
 i - 2 scrolls of amnesia {unknown}
 j - a scroll of fear {unknown}
 m - 2 scrolls of remove curse {unknown}
 u - a scroll of immolation {unknown}
 v - a scroll of blinking {unknown}
 y - a scroll of enchant armour {unknown}
 z - a scroll of fog {unknown}
Potions
 b - a potion of lignification
 g - a potion of degeneration {unknown}
 n - 2 potions of heal wounds
 t - 2 potions of might {unknown}
 w - 3 potions of brilliance {unknown}
 x - 2 potions of haste {unknown}
Comestibles
 f - 11 rations


   Skills:
 + Level 4.2 Fighting
 + Level 5.4 Polearms
 - Level 1.0 Dodging
 - Level 2.0 Stealth
 - Level 2.0 Spellcasting
   Level 1.0 Fire Magic
 - Level 1.0 Evocations


You had 9 spell levels left.
You didn't know any spells.
Your spell library was empty.

Dungeon Overview and Level Annotations

Branches:
Dungeon (6/15)
 Temple: D:4-7

Altars:
Cheibriados
Kikubaaqudgha
Okawaru
Trog
Xom


Message History

The phantom blinks!
There is an escape hatch in the floor here.
Really go through this one-way escape hatch?
You slide downwards.
The hatch slams shut behind you.
You start resting.
HP restored.
A hippogriff comes into view.
Attack whom?
Press: ? - help, Dir - move target cursor, f - hippogriff
Aim: a hippogriff (resting)
You reach to attack!
The helpless hippogriff fails to defend itself.
You hit the hippogriff.
The hippogriff is lightly wounded.
Attack whom?
Press: ? - help, Dir - move target cursor, f/p - hippogriff
Aim: a hippogriff (lightly wounded)
You hit the hippogriff.
The hippogriff is lightly wounded.
The hippogriff bites you! The hippogriff barely misses you. x2
Attack whom?
Press: ? - help, Dir - move target cursor, f/p - hippogriff
Aim: a hippogriff (lightly wounded)
You hit the hippogriff.
The hippogriff is moderately wounded.
The hippogriff bites you! The hippogriff pecks you!
* * * LOW HITPOINT WARNING * * *
The hippogriff claws you.
* * * LOW HITPOINT WARNING * * *
Attack whom?
Press: ? - help, Dir - move target cursor, f/p - hippogriff
Aim: a hippogriff (moderately wounded)
You hit the hippogriff.
The hippogriff is moderately wounded.
The hippogriff bites you!
* * * LOW HITPOINT WARNING * * *
The hippogriff pecks you.
* * * LOW HITPOINT WARNING * * *
The hippogriff barely misses you.
Aiming: Throw Flame
Press: ? - help, Shift-Dir - straight line, f/p - hippogriff
Aim: a hippogriff (moderately wounded)
The puff of flame hits the hippogriff.
The hippogriff is heavily wounded.
The hippogriff closely misses you. The hippogriff pecks you.
* * * LOW HITPOINT WARNING * * *
The hippogriff claws you.
* * * LOW HITPOINT WARNING * * *
The hippogriff bites you.
You die...

#.....#
#####.....#####
...............
#####.....#####
#.....# ######
###.######.....
#..........#
#.######...#
#....@H...#
#########......
#####


You could see a hippogriff.

Vanquished Creatures
  An ogre (D:4)
  An iguana (D:4)
  Natasha (thrice) (D:2)
  A worker ant (D:4)
  A gnoll (D:1)
  2 adders (D:4)
  2 oozes
  A worm (D:2)
  A dart slug (D:2)
  2 leopard geckos
  An orc (D:4)
  2 ball pythons
  5 giant cockroaches
  5 goblins
  4 hobgoblins
  8 jackals
  10 kobolds
  3 quokkas
  5 bats
  5 frilled lizards
  6 rats
  A butterfly (D:2)
70 creatures vanquished.

Notes
Turn   | Place    | Note
-------+----------+-------------------------------------------
     0 | D:1      | b5mith the Human Wanderer began the quest for the Orb.
     0 | D:1      | b5mith set off with: a +2 spear, a potion of lignification,
                  | a scroll of teleportation, a +0 robe, a +0 dagger, a ration
     0 | D:1      | Reached XP level 1. HP: 13/13 MP: 3/3
   121 | D:1      | Reached skill level 1 in Fighting
   121 | D:1      | Reached XP level 2. HP: 10/21 MP: 5/5
   380 | D:1      | Reached XP level 3. HP: 25/26 MP: 6/6
  1042 | D:2      | Noticed Natasha
  1063 | D:2      | Killed Natasha
  1063 | D:2      | Reached skill level 4 in Polearms
  1063 | D:2      | Reached XP level 4. HP: 7/34 MP: 7/7
  1407 | D:2      | Noticed Natasha
  1418 | D:2      | Killed Natasha
  1418 | D:2      | Reached XP level 5. HP: 9/40 MP: 8/8
  1905 | D:2      | Noticed Natasha
  1913 | D:2      | Killed Natasha
  2165 | D:2      | Found a snail-covered altar of Cheibriados.
  2173 | D:2      | Became a worshipper of Cheibriados the Contemplative
  2274 | D:2      | Found a shimmering altar of Xom.
  2664 | D:3      | Found an ancient bone altar of Kikubaaqudgha.
  2929 | D:4      | Reached XP level 6. HP: 29/47 MP: 9/9
  3377 | D:4      | Found a bloodstained altar of Trog.
  3422 | D:4      | Reached skill level 5 in Polearms
  3694 | D:4      | Noticed an ogre
  4097 | D:4      | Killed an ogre
  4097 | D:4      | Reached * piety under Cheibriados
  4210 | D:4      | Found an iron altar of Okawaru.
  4249 | D:5      | Entered Level 5 of the Dungeon
  4317 | D:5      | Noticed a phantom
  4489 | D:6      | Noticed a hippogriff
  4495 | D:6      | HP: 2/48 [hippogriff (2)]
  4497 | D:6      | Slain by a hippogriff

Vault maps used:
D:1:      giann_forest_graveyard
D:2:      minmay_kobold_bridge, xom_butterflies, nicolae_overflow_crystal_walls,
          minmay_split_cup_small, uniq_natasha
D:3:      old_standard_altar, first_ration
D:4:      kennysheep_mini, lemuel_coloured_pillars_altar
D:5:      marbit_many_paths, tso_altar, lemuel_round_altar,
          gammafunk_ghost_grave
D:6:      nicolae_temple_entry_ecumenical, uniq_edmund

Skill      XL: |  1  2  3  4  5  6 |
---------------+-------------------+-----
Fighting       | 1 2 3 4 |  4.2
Polearms       | 4 5 |  5.4
Dodging        | |  1.0
Stealth        | |  2.0
Spellcasting   | |  2.0
Fire Magic     | |  1.0
Evocations     | |  1.0

Action                   |  1- 3 |  4- 6 || total
-------------------------+-------+-------++-------
Melee: Spear             |    76 |   169 ||   245
Evoke: Wand              |       |     2 ||     2
  Use: Scroll            |       |     2 ||     2
 Stab: Sleeping          |     5 |    10 ||    15
       Distracted        |     1 |       ||     1
  Eat: Chunk             |       |    20 ||    20
Armor: Robe              |     7 |    15 ||    22
Dodge: Dodged            |    21 |    70 ||    91

Table legend:
 A = Non-vault XP
 B = Vault XP
 C = Vault XP percentage of total XP
 D = Non-vault monster count
 E = Vault monster count
 F = Vault count percentage of total count
                 A         B        C        D         E       F
            +---------+---------+-------+---------+---------+-------
      Total |     406 |      48 |  10.6 |      60 |       9 |  13.0
            +---------+---------+-------+---------+---------+-------
        D:1 |      58 |       0 |   0.0 |      26 |       0 |   0.0
        D:2 |      98 |      48 |  32.9 |      12 |       9 |  42.9
        D:3 |      19 |       0 |   0.0 |      12 |       0 |   0.0
        D:4 |     231 |       0 |   0.0 |      10 |       0 |   0.0
            +---------+---------+-------+---------+---------+-------
